 Dungeon Crawl Stone Soup version 0.27.1-33-g824d729ab1 (webtiles) character file.

Game seed: 7975209103263837411

1463 safid the Cleaver (level 8, 0/66 HPs)
             Began as a Hill Orc Fighter on Dec 23, 2021.
             Killed from afar by Pikel (2 damage)
             ... with a bolt of acid
             ... on level 5 of the Dungeon.
             The game lasted 00:13:15 (7517 turns).

safid the Cleaver (Hill Orc Fighter)                Turns: 7517, Time: 00:13:16

Health: 0/66       AC:  7    Str: 21    XL:     8   Next: 77%
Magic:  8/8        EV:  8    Int:  8    God:
Gold:   132        SH: 11    Dex: 10    Spells: 7/7 levels left

rFire    . . .     SeeInvis .   a - +0 war axe
rCold    . . .     Faith    .   c - +0 kite shield
rNeg     . . .     Spirit   .   b - +0 scale mail
rPois    .         Reflect  .   (no helmet)
rElec    .         Harm     .   (no cloak)
rCorr    +         Rampage  .   (no gloves)
Will     .....                  (no boots)
Stlth    ..........             (no amulet)
HPRegen  0.21/turn              o - ring of resist corrosion
MPRegen  0.11/turn              (no ring)

@: no status effects
A: no striking features
a: no special abilities


You were on level 5 of the Dungeon.
You visited 1 branch of the dungeon, and saw 5 of its levels.

You collected 132 gold pieces.

Inventory:

Hand Weapons
 a - a +0 war axe (weapon)
Missiles
 g - 12 poisoned darts (quivered)
 j - 2 throwing nets
 t - 6 boomerangs
Armour
 b - a +0 scale mail (worn)
 c - a +0 kite shield (worn)
 s - the +1 leather armour of the Past {rF- Will++ SInv Stlth+}
   (You found it on level 5 of the Dungeon)

   rF:        It makes you vulnerable to fire.
   SInv:      It lets you see invisible.
   Will:      It greatly increases your willpower.
   Stlth:     It makes you more stealthy.
Jewellery
 o - a ring of resist corrosion (left hand)
 q - an amulet of magic regeneration
Scrolls
 e - 9 scrolls of identify {unknown}
 f - 2 scrolls of vulnerability {unknown}
 h - a scroll of enchant weapon {unknown}
 m - 2 scrolls of blinking {unknown}
 n - a scroll of teleportation {unknown}
 r - a scroll of holy word {unknown}
 u - a scroll of amnesia {unknown}
Potions
 d - 2 potions of might
 i - 3 potions of cancellation
 k - 3 potions of curing {unknown}
 l - a potion of heal wounds {unknown}
 p - a potion of invisibility {unknown}


   Skills:
 - Level 4.0 Fighting
 + Level 9.8 Axes
 - Level 4.0 Armour
 + Level 8.6 Shields


You had 7 spell levels left.
You didn't know any spells.
Your spell library contained the following spells:

 Spells                   Type           Power      Damage    Failure   Level
 Chain Lightning          Conj/Air       0%         N/A       100%        9
 Fire Storm               Conj/Fire      0%         5d1       100%        9


Dungeon Overview and Level Annotations

Branches:
Dungeon (5/15)
 Temple: D:4-7

Altars:
Gozag

Shops:
D:3 [

Annotations:
D:3 1 runed translucent door, Crazy Yiuf
D:5 Pikel


Message History

Press: ? - help, Q - select action, (/) - cycle Shift-Dir - straight line, f/p - Pikel
Aim: Pikel, wielding a +2 whip of flaming, wearing a +0 robe and carrying a wand of acid (14) (very poisoned, 50% to hit)
You throw a poisoned dart. The poisoned dart hits Pikel.
Pikel zaps a wand.
The bolt of acid hits you! You resist.
You are splashed with acid!
You resist.
A lemure comes into view. x2
Pikel zaps a wand.
The bolt of acid hits you! You resist.
You are splashed with acid.
You resist.
The lemure shouts!
You closely miss Pikel.
Pikel is lightly wounded.
Pikel hits you with a +2 whip of flaming!
Pikel burns you.
A lemure comes into view.
Things that are here:
a +0 whip; a +0 whip You closely miss Pikel.
Pikel is moderately wounded.
The lemure shouts!
Pikel zaps a wand.
The bolt of acid hits you! You resist.
You are splashed with acid.
You resist.
* * * LOW HITPOINT WARNING * * *
Unknown command.
Your shield prevents you from hitting Pikel.
Pikel is moderately wounded.
Pikel hits you with a +2 whip of flaming.
* * * LOW HITPOINT WARNING * * *
Pikel burns you.
* * * LOW HITPOINT WARNING * * *
Unknown command.
You hit Pikel but do no damage.
Pikel is moderately wounded.
Pikel says, "Antaeus said I was his favorite kobold.
Me!"
Pikel hits you with a +2 whip of flaming.
* * * LOW HITPOINT WARNING * * *
Pikel burns you.
* * * LOW HITPOINT WARNING * * *
It was a potion of cancellation.
You feel magically purged.
Pikel zaps a wand.
The bolt of acid hits you. You resist.
You die...

##....#### ##......... ######
#.......... .....##
########.#)....# #....#
#.......Zg...... #...#####
##...####.))####.
#..#...###...##.........##
##.((((.5##...##.....)...##
#.(.).5)5K@[..##.........##
.......##...5#....##.........##
......# ##...#....#####...#####
...... ##.......##..'...'..##
..... ##..#....##.('...'..##
..... #........#####...#####
.... #....##...##.........##
.#++ ......###..##>...⌠...>##
.......##....###########.


You could see Pikel (very poisoned) and 4 lemures.

Vanquished Creatures
  A centaur zombie (D:5)
  An ice beast (D:5)
  An ogre (D:4)
  A centaur (D:4)
  A necrophage (D:5)
  A scorpion (D:5)
  A gnoll sergeant (D:5)
  A jelly (D:4)
  4 hounds
  A centaur skeleton (D:5)
  3 gnoll shamans (D:5)
  An iguana (D:4)
  A scorpion zombie (D:5)
  An orc wizard (D:3)
  19 gnolls
  6 adders
  A shadow imp (D:5)
  An adder skeleton (D:4)
  2 worms
  A dart slug (D:3)
  4 orcs (D:3)
  5 bats
  An endoplasm (D:4)
  5 giant cockroaches
  6 goblins
  10 hobgoblins
  3 jackals
  2 quokkas
  3 ball pythons
  3 frilled lizards
  5 kobolds
  4 rats
100 creatures vanquished.

Notes
Turn   | Place    | Note
-------+----------+-------------------------------------------
     0 | D:1      | safid the Hill Orc Fighter began the quest for the Orb.
     0 | D:1      | Reached XP level 1. HP: 19/19 MP: 1/1
   260 | D:1      | Reached XP level 2. HP: 27/27 MP: 2/2
   284 | D:1      | Reached skill level 3 in Axes
   346 | D:1      | Found a faded altar of an unknown god.
   920 | D:1      | Reached XP level 3. HP: 8/33 MP: 3/3
  2306 | D:2      | Reached XP level 4. HP: 37/40 MP: 4/4
  2704 | D:3      | Reached skill level 4 in Axes
  2789 | D:3      | Found Maniont's Antique Armour Boutique.
  2910 | D:3      | Reached XP level 5. HP: 34/46 MP: 5/5
  3226 | D:3      | Found an opulent altar of Gozag.
  3319 | D:3      | Found a runed translucent door.
  3320 | D:3      | Noticed Crazy Yiuf
  3963 | D:4      | Noticed an ogre
  3970 | D:4      | Killed an ogre
  3971 | D:4      | Reached skill level 5 in Axes
  3971 | D:4      | Reached skill level 5 in Shields
  3971 | D:4      | Reached XP level 6. HP: 42/52 MP: 6/6
  4673 | D:4      | Reached skill level 6 in Axes
  5416 | D:5      | Entered Level 5 of the Dungeon
  5431 | D:5      | Reached XP level 7. HP: 35/59 MP: 7/7
  5608 | D:5      | Reached skill level 7 in Axes
  6186 | D:5      | Identified the +1 leather armour of the Past {rF- Will++
                  | SInv Stlth+}
  6311 | D:5      | Reached skill level 8 in Axes
  6627 | D:5      | Reached XP level 8. HP: 28/66 MP: 8/8
  7460 | D:5      | Reached skill level 9 in Axes
  7505 | D:5      | Noticed Pikel
  7516 | D:5      | HP: 2/66 [Pikel (2)]
  7517 | D:5      | Killed from afar by Pikel

Illustrated notes

Levels and vault maps discovered:
D:1:      lemuel_arrival_tunnels, layout_loops_ring,
          shapermc_ecumenical_altar_mp_highgroup, corexii_leaking_fountain
D:2:      layout_basic
D:3:      layout_basic, mainiacjoe_overflow_alcove_1, serial_shops, shop,
          hangedman_abyss_or_decor_stabs, uniq_crazy_yiuf_cottage
D:4:      layout_basic
D:5:      layout_cave_pools, serial_gnoll_camp, gnoll_camp_medium_02,
          gnoll_camp_medium_01, gnoll_camp_huts_basic,
          gnoll_camp_mini_loothouse, gnoll_camp_mini_house, gnoll_camp_mini_hut,
          uniq_pikel, uniq_edmund

Skill      XL: |  1  2  3  4  5  6  7  8 |
---------------+-------------------------+-----
Axes           | 3 4 5 6 8 9 |  9.8
Fighting       | 4 |  4.0
Armour         | 4 |  4.0
Shields        | 4 5 6 7 8 |  8.6

Action                   |  1- 3 |  4- 6 |  7- 9 || total
-------------------------+-------+-------+-------++-------
Melee: War axe           |    91 |   145 |   165 ||   401
Throw: Dart              |    16 |     3 |    12 ||    31
  Use: Potion            |       |       |     1 ||     1
Armor: Scale mail        |    36 |    82 |    80 ||   198
Dodge: Dodged            |    39 |    38 |    89 ||   166
Block: Kite shield       |    54 |    79 |   119 ||   252
